 Dungeon Crawl Stone Soup version 0.29-a0-973-gac7da5f7f0 (webtiles) character file.

Game seed: 12486799157296315587

53977 porpoise the Severer (level 15, -3/90 HPs)
             Began as a Kobold Fighter on July 31, 2022.
             Was the Champion of Qazlal.
             Slain by Snorg (20 damage)
             ... on level 11 of the Dungeon on Aug 1, 2022.
             The game lasted 01:29:20 (19597 turns).

porpoise the Severer (Kobold Fighter)              Turns: 19597, Time: 01:29:21

Health: -3/90      AC: 24    Str: 22    XL:     15   Next: 12%
Magic:  24/24      EV: 17    Int: 12    God:    Qazlal [******]
Gold:   918        SH: 15    Dex: 15    Spells: 14/14 levels left

rFire   + . .      SeeInvis +   a - +1 war axe "Mataol" {vorpal, Will+}
rCold   + . .      Faith    .   o - +1 buckler {rC+}
rNeg    . . .      Spirit   .   R - +7 ring mail of the Albatross {Rampage Str-3 SInv Stlth+}
rPois   +          Reflect  .   w - +2 hat of Focea {rF+ Str+7 Dex-2}
rElec   .          Harm     .   v - +2 cloak
rCorr   .          Rampage  +   i - +0 pair of gloves
Will    +++..                   V - +0 pair of boots "Defuoclo" {+Blink +Inv Fly Int+2}
Stlth   +.........              z - amulet of regeneration
HPRegen 1.05/turn               L - ring of poison resistance
MPRegen 0.19/turn               S - ring of willpower

@: protected from physical damage, flying, repel missiles
A: small, no large weapons, nightstalker 3
a: Renounce Religion, Evoke Blink, Evoke Invisibility, Upheaval, Elemental
Force, Disaster Area


You were on level 11 of the Dungeon.
You worshipped Qazlal.
Qazlal was exalted by your worship.
You visited 3 branches of the dungeon, and saw 19 of its levels.
You also visited: Sewer, Ossuary, Gauntlet and Ice Cave.

You collected 1211 gold pieces.
You spent 293 gold pieces at shops.

Inventory:

Hand Weapons
 a - the +1 war axe "Mataol" (weapon) {vorpal, Will+}
   (You found it on level 7 of the Dungeon)

   It inflicts extra damage upon your enemies.
   Will:      It increases your willpower.
 b - a +4 hand crossbow of freezing
 K - a +4 morningstar
Missiles
 m - 8 curare-tipped darts (quivered)
Armour
 c - a +0 troll leather armour
 i - a +0 pair of gloves (worn)
 k - +0 acid dragon scales
 o - a +1 buckler of cold resistance (worn)
 v - a +2 cloak (worn)
 w - the +2 hat of Focea (worn) {rF+ Str+7 Dex-2}
   (You acquired it on level 2 of the Lair of Beasts)

   Str:       It affects your strength (+7).
   Dex:       It affects your dexterity (-2).
   rF:        It protects you from fire.
 R - the +7 ring mail of the Albatross (worn) {Rampage Str-3 SInv Stlth+}
   (You found it on level 4 of the Lair of Beasts)

   Str:       It affects your strength (-3).
   SInv:      It lets you see invisible.
   Rampage:   It bestows one free step when moving towards enemies.
   Stlth:     It makes you more stealthy.
 V - the +0 pair of boots "Defuoclo" (worn) {+Blink +Inv Fly Int+2}
   (You found it on level 1 of the Lair of Beasts)

   Int:       It affects your intelligence (+2).
   +Inv:      It lets you turn invisible.
   Fly:       It grants you flight.
   +Blink:    It lets you blink.
Jewellery
 s - a ring of resist corrosion
 z - an amulet of regeneration (around neck)
 L - a ring of poison resistance (left hand)
 S - a ring of willpower (right hand)
Wands
 B - a wand of roots (21)
 D - a wand of paralysis (8)
 M - a wand of flame (15)
 Q - a wand of light (3)
Scrolls
 g - 3 scrolls of poison
 n - a scroll of fear
 y - a scroll of vulnerability
 F - a scroll of magic mapping
 H - a scroll of blinking
 N - 4 scrolls of teleportation
Potions
 d - 6 potions of might
 e - 2 potions of ambrosia
 f - a potion of magic
 h - 6 potions of cancellation
 j - 2 potions of invisibility
 l - 10 potions of curing
 p - a potion of heal wounds
 r - 4 potions of lignification
 x - 5 potions of attraction
 A - a potion of resistance
 J - 9 potions of haste


   Skills:
 - Level 9.0 Fighting
 - Level 16.0 Axes
 + Level 6.5 Armour
 - Level 9.0 Dodging
 - Level 5.0 Shields
 - Level 12.0 Invocations


You had 14 spell levels left.
You didn't know any spells.
Your spell library contained the following spells:

 Spells                   Type           Power      Damage    Failure   Level
 Apportation              Tloc           0%         N/A       58%         1
 Sandblast                Erth           0%         2d4       58%         1
 Ensorcelled Hibernation  Hex/Ice        0%         N/A       73%         2
 Passwall                 Tmut/Erth      0%         N/A       73%         2
 Scorch                   Fire           0%         2d5       73%         2
 Sublimation of Blood     Necr           0%         N/A       73%         2
 Ozocubu's Armour         Ice            0%         N/A       91%         3
 Stone Arrow              Conj/Erth      0%         3d7       91%         3
 Swiftness                Air            0%         N/A       91%         3
 Airstrike                Air            0%         0-1+      100%        4
 Flame Wave               Conj/Fire      0%         2d4       100%        4
 Petrify                  Tmut/Erth      0%         N/A       100%        4
 Summon Lightning Spire   Summ/Air       0%         N/A       100%        4
 Alistair's Intoxication  Tmut/Pois      0%         N/A       100%        5
 Irradiate                Conj/Tmut      0%         3d11      100%        5
 Lightning Bolt           Conj/Air       0%         1d11      100%        5
 Summon Cactus Giant      Summ           0%         N/A       100%        6
 Ozocubu's Refrigeration  Ice            0%         4d5       100%        7


Dungeon Overview and Level Annotations

Branches:
Dungeon (14/15)            Temple (1/1) D:4            Lair (4/5) D:9
 Shoals (0/4) Lair:2       Spider (0/4) Lair:3          Orc (0/2) D:9
  Sewer (visited)         Ossuary (visited)           IceCv (visited)
Gauntlet (visited)
  Slime: Lair:4-5    Vaults: D:13-14

Altars:
Ashenzari
Cheibriados
Dithmenos
Elyvilon
Fedhas
Gozag
Hepliaklqana
Kikubaaqudgha
Makhleb
Nemelex Xobeh
Okawaru
Qazlal
Ru
Sif Muna
Trog
Uskayaw
Vehumet
Wu Jian
Xom
Yredelemnul
Zin
The Shining One

Shops:
D:1 *(((   D:6 *   D:9 *

Annotations:
D:11 Snorg


Innate Abilities, Weirdness & Mutations

You are small and have problems with some larger weapons.
You are completely attuned to the shadows.


Message History

Snorg barely misses you.
You barely miss Snorg.
Snorg is severely wounded.
You block Snorg's attack. Snorg closely misses you. Snorg misses you.
You strike the helpless Snorg from behind!
You hit Snorg.
Snorg is severely wounded.
Snorg bites you but does no damage. Snorg barely misses you.
Snorg completely misses you.
You hit Snorg.
Snorg is severely wounded.
Snorg barely misses you. Snorg misses you. Snorg closely misses you.
You barely miss Snorg.
Snorg is severely wounded.
Snorg bites you but does no damage. You block Snorg's attack.
Snorg claws you but does no damage.
You slash Snorg!
Snorg is almost dead.
Snorg is no longer blind.
You block Snorg's attack. Snorg claws you but does no damage. Snorg misses you.
You hit Snorg.
Snorg is almost dead.
Snorg completely misses you. Snorg closely misses you.
You block Snorg's attack.
You slash Snorg!
Snorg is almost dead.
You block Snorg's attack. x3
You hit Snorg.
Snorg is almost dead.
Snorg bites you!!
* * * LOW HITPOINT WARNING * * *
You block Snorg's attack. x2
Aiming: Bolt of Light
Press: ? - help, Shift-Dir - straight line, f/p - Snorg
Aim: Snorg (almost dead, berserk, 71% to hit)
The bolt of light hits Snorg!
Snorg is almost dead.
Snorg is blinded.
You block Snorg's attack. Snorg misses you. You block Snorg's attack.
Snorg bites you!!
You die...

###...# #...# #..#
#...# #...# #..#
#...###...###..#
###..............#
.................#
####...#########.#
# #...# #.# #
#...# #T# # #...#
#@# # #...# #†# #
#...# #.# # #...#
#.# # #...# #.#
####...#########.#
.................#
.................#
...........####..#


You could see Snorg (berserk, blind).

Vanquished Creatures
  Nessos (Lair:4)
  7 hydras
  2 two-headed ogres
  2 boulder beetles
  A catoblepas (Lair:3)
  A death yak (Lair:3)
  Sonja (Lair:3)
  A bog body (IceCv)
  A necromancer (IceCv)
  2 manticores
  15 elephants
  3 black mambas
  Joseph (D:7)
  An ice statue (IceCv)
  A gargoyle (D:11)
  8 cane toads
  A kobold demonologist (D:9)
  2 unseen horrors (D:10)
  5 komodo dragons
  2 ice devils (IceCv)
  4 anaconda simulacra (IceCv)
  5 rime drakes
  An entropy weaver simulacrum (IceCv)
  4 polar bears
  4 trolls
  Grinder (D:5)
  2 hornets
  30 blink frogs
  A wind drake (Lair:2)
  Prince Ribbit (Lair:1)
  3 shadows
  5 wyverns
  A vampire (D:11)
  A wraith (D:12)
  2 dire elephant simulacra (IceCv)
  36 yaks
  A steam dragon (D:10)
  A basilisk (Lair:3)
  3 harpy simulacra (IceCv)
  2 two-headed ogre zombies (D:9)
  Duvessa (D:6)
  9 water moccasins
  An acid dragon (D:12)
  4 ice beasts
  7 orc warriors
  2 sky beasts (D:6)
  9 ogres
  11 wolves
  5 centaurs
  4 phantoms
  3 kobold brigands (D:9)
  2 gnoll sergeants
  A two-headed ogre simulacrum (IceCv)
  14 bullfrogs
  2 scorpions
  19 wights
  Dowan (D:6)
  2 troll zombies (D:9)
  2 electric eels
  6 killer bees (D:8)
  4 howler monkeys
  2 hounds (D:6)
  6 jellies
  Crazy Yiuf (D:3)
  4 orc priests
  2 iguanas
  13 orc wizards
  4 ogre zombies (D:9)
  2 mummies
  8 gnolls
  18 adders
  A shadow imp (D:6)
  A white imp (IceCv)
  An ufetubus (IceCv)
  2 worms (D:5)
  2 dart slugs (D:1)
  40 orcs
  A spectral bat (Ossuary)
  2 bats
  9 endoplasms
  4 giant cockroaches
  12 gnoll zombies (Ossuary)
  9 goblins
  11 hobgoblins
  6 jackals
  6 quokkas
  16 ball pythons
  5 bat simulacra (Ossuary)
  9 frilled lizards
  3 goblin simulacra (Ossuary)
  8 goblin zombies
  3 hobgoblin skeletons (D:9)
  4 hobgoblin zombies
  12 kobolds
  3 kobold simulacra (Ossuary)
  6 kobold zombies (Ossuary)
  2 orc skeletons (D:9)
  20 orc zombies
  8 rats
  2 rat simulacra (Ossuary)
  3 spectral goblins (Ossuary)
  2 spectral kobolds (Ossuary)
  2 spectral rats (Ossuary)
550 creatures vanquished.

Vanquished Creatures (collateral kills)
  Fannar (Lair:1)
  A hydra (Lair:2)
  Lodul (D:10)
  An ice statue (IceCv)
  2 cane toads
  4 ice devils (IceCv)
  2 water moccasins (Lair:1)
  A wolf (Lair:2)
  An ogre (D:10)
  A cane toad simulacrum (IceCv)
  3 wights (D:8)
  A polar bear simulacrum (IceCv)
19 creatures vanquished.

Vanquished Creatures (others)
  A bush (Lair:3)
  A demonic plant (Gauntlet)
  19 fungi
  43 plants
64 creatures vanquished.

Grand Total: 633 creatures vanquished

Notes
Turn   | Place    | Note
-------+----------+-------------------------------------------
     0 | D:1      | porpoise the Kobold Fighter began the quest for the Orb.
     0 | D:1      | Reached XP level 1. HP: 14/14 MP: 1/1
   129 | D:1      | Reached skill level 2 in Axes
   129 | D:1      | Reached XP level 2. HP: 14/19 MP: 2/2
   415 | D:1      | Reached XP level 3. HP: 16/23 MP: 3/3
   518 | D:1      | Found Reutun's Weapon Shoppe.
   621 | D:1      | Found Jaeruefu's Weapon Boutique.
   925 | D:1      | Found Bacrigem's Assorted Antiques.
   958 | D:1      | Bought a scroll labelled VEALIT IBARU for 25 gold pieces
   958 | D:1      | Bought a fizzy puce potion for 22 gold pieces
   958 | D:1      | Bought a black potion for 22 gold pieces
  1115 | D:1      | Found Foeceeh's Weapon Boutique.
  1201 | D:1      | Bought a metallic golden potion for 22 gold pieces
  1293 | D:2      | Reached XP level 4. HP: 23/29 MP: 4/4
  1456 | D:1      | Bought a scroll labelled LUDEJ EMUETOSK for 25 gold pieces
  1616 | D:2      | Reached skill level 3 in Axes
  1769 | D:2      | Found a faded altar of an unknown god.
  2152 | D:2      | Reached XP level 5. HP: 29/33 MP: 5/5
  2545 | D:3      | Found a runed translucent door.
  2548 | D:3      | Noticed Crazy Yiuf
  3740 | D:3      | Killed Crazy Yiuf
  3741 | D:3      | Reached skill level 4 in Axes
  3741 | D:3      | Reached XP level 6. HP: 39/39 MP: 6/6
  3807 | D:4      | Reached skill level 7 in Axes
  3807 | D:4      | Reached XP level 7. HP: 48/48 MP: 7/7
  3993 | D:4      | Reached skill level 5 in Shields
  4048 | D:4      | Reached skill level 5 in Armour
  4152 | D:4      | Found a staircase to the Ecumenical Temple.
  4158 | Temple   | Entered the Ecumenical Temple
  4409 | Temple   | Became a worshipper of Qazlal Stormbringer
  4985 | D:5      | Entered Level 5 of the Dungeon
  5034 | D:5      | Identified the +6 dagger "Sygraru" {vorpal, *Corrode rC+
                  | rN+ Dex+4}
  5121 | D:5      | Noticed Grinder
  5134 | D:5      | Killed Grinder
  5135 | D:5      | Reached skill level 8 in Axes
  5135 | D:5      | Reached skill level 1 in Invocations
  5135 | D:5      | Reached XP level 8. HP: 43/53 MP: 8/8
  5242 | D:5      | Found a glowing drain.
  5269 | Sewer    | Entered a sewer
  5397 | Sewer    | Reached * piety under Qazlal
  5521 | Sewer    | Found a viscous altar of Jiyva.
  6654 | D:5      | Reached XP level 9. HP: 53/57 MP: 10/10
  6713 | D:6      | Noticed Duvessa
  6715 | D:6      | Noticed Dowan
  6732 | D:6      | Killed Duvessa
  6743 | D:6      | Killed Dowan
  6817 | D:6      | Found Ostrysakoe's General Store.
  6818 | D:6      | Found Dodoxk Xiets's Specific Store.
  6826 | D:6      | Bought a scroll of identify for 22 gold pieces
  7130 | D:6      | Reached skill level 9 in Axes
  7375 | D:7      | Reached ** piety under Qazlal
  7670 | D:7      | Reached XP level 10. HP: 63/63 MP: 13/13
  7873 | D:7      | Identified the +3 mace of Indignation {pain, MP+9 Stlth+}
  7881 | D:7      | Noticed Joseph
  7893 | D:7      | Killed Joseph
  7902 | D:7      | Identified the +1 war axe "Mataol" {vorpal, Will+}
  7934 | D:7      | Reached skill level 5 in Invocations
  8377 | D:8      | Found a sand-covered staircase.
  8389 | Ossuary  | Entered an ossuary
  8512 | Ossuary  | Reached *** piety under Qazlal
  8951 | D:8      | Reached skill level 10 in Axes
  9027 | D:8      | Reached **** piety under Qazlal
  9699 | D:8      | Reached XP level 11. HP: 46/61 MP: 15/15
 10055 | D:6      | Bought 2 potions of curing for 66 gold pieces
 10055 | D:6      | Bought a potion of flight for 33 gold pieces
 10247 | D:9      | Reached ***** piety under Qazlal
 10419 | D:9      | Reached skill level 11 in Axes
 10637 | D:9      | Found Cyidim's CLEARANCE SALE!.
 10992 | D:9      | Found a staircase to the Orcish Mines.
 11051 | D:9      | Found a staircase to the Lair.
 11140 | D:10     | Entered Level 10 of the Dungeon
 11152 | D:10     | Noticed Lodul
 11162 | D:10     | Killed Lodul
 11647 | D:10     | Reached skill level 12 in Axes
 11647 | D:10     | Reached XP level 12. HP: 75/75 MP: 17/17
 11770 | D:10     | Found a blossoming altar of Fedhas.
 12129 | Lair:1   | Entered Level 1 of the Lair of Beasts
 12129 | Lair:1   | Noticed Fannar
 12140 | Lair:1   | Killed Fannar
 12140 | Lair:1   | Noticed a six-headed hydra
 12153 | Lair:1   | Killed a six-headed hydra
 12232 | Lair:1   | Noticed Prince Ribbit
 12250 | Lair:1   | Noticed a seven-headed hydra
 12251 | Lair:1   | Killed Prince Ribbit
 12258 | Lair:1   | Killed a seven-headed hydra
 12361 | Lair:1   | Noticed a six-headed hydra
 12369 | Lair:1   | Killed a six-headed hydra
 12519 | Lair:1   | Reached skill level 13 in Axes
 12877 | Lair:1   | Identified the +0 pair of boots "Defuoclo" {+Blink +Inv Fly
                  | Int+2}
 13590 | D:6      | Bought a potion of might for 56 gold pieces
 13729 | Lair:2   | Reached XP level 13. HP: 75/80 MP: 19/19
 13863 | Lair:2   | Noticed a four-headed hydra
 13868 | Lair:2   | Killed a five-headed hydra
 13888 | Lair:2   | Found a frozen archway.
 13908 | Lair:2   | Reached skill level 14 in Axes
 14103 | IceCv    | Entered an ice cave
 14748 | IceCv    | Reached skill level 10 in Invocations
 14876 | Lair:2   | Found a staircase to the Shoals.
 15245 | Lair:2   | Identified a scroll of acquirement
 15246 | Lair:2   | Acquired the +2 hat of Focea {rF+ Str+7 Dex-2}
 15621 | Lair:3   | Reached XP level 14. HP: 86/86 MP: 21/21
 15888 | Lair:3   | Reached skill level 15 in Axes
 16243 | Lair:3   | Noticed Sonja
 16249 | Lair:3   | Killed Sonja
 16463 | Lair:3   | Found the +8 frozen axe "Frostbite" {freezing cloud, *Noise
                  | Fly rC+}
 16491 | Lair:3   | Found a hole to the Spider Nest.
 17096 | Lair:4   | Noticed Nessos
 17132 | Lair:4   | Killed Nessos
 17142 | Lair:4   | Reached ****** piety under Qazlal
 17847 | Lair:4   | Identified the +7 ring mail of the Albatross {Rampage Str-3
                  | SInv Stlth+}
 18506 | D:11     | Reached XP level 15. HP: 37/90 MP: 23/23
 18860 | D:11     | You are sucked into a shaft and drop 3 floors!
 18868 | D:12     | Found a gate leading to a gauntlet.
 18872 | Gauntlet | Entered a Gauntlet
 18872 | Gauntlet | Found a large runed translucent door.
 18872 | Gauntlet | Found a large runed translucent door.
 18872 | Gauntlet | Found a large runed translucent door.
 18872 | Gauntlet | Found a large runed translucent door.
 18877 | Gauntlet | Found a large runed translucent door.
 18877 | Gauntlet | Found a large runed translucent door.
 18879 | Gauntlet | Found a transporter.
 18881 | Gauntlet | Found a large runed translucent door.
 18882 | Gauntlet | Found a large runed translucent door.
 18889 | Gauntlet | Found a large runed translucent door.
 18889 | Gauntlet | Found a large runed translucent door.
 18892 | Gauntlet | Found a large runed translucent door.
 18892 | Gauntlet | Found a large runed translucent door.
 18929 | Gauntlet | Found a transporter.
 18955 | Gauntlet | Found a transporter.
 18955 | Gauntlet | Found a transporter.
 18969 | Gauntlet | Found a transporter.
 18969 | Gauntlet | Found a transporter.
 18973 | Gauntlet | Found a transporter.
 18973 | Gauntlet | Found a transporter.
 18983 | Gauntlet | Found a transporter.
 19029 | Gauntlet | Found a transporter.
 19047 | Gauntlet | Found a transporter.
 19047 | Gauntlet | Found a transporter.
 19080 | Gauntlet | Found a large runed translucent door.
 19080 | Gauntlet | Found a large runed translucent door.
 19082 | Gauntlet | Found a runed translucent door.
 19084 | Gauntlet | Found a runed translucent door.
 19093 | Gauntlet | Found a large runed translucent door.
 19094 | Gauntlet | Found a large runed translucent door.
 19104 | Gauntlet | Found a runed translucent gate.
 19561 | D:12     | Reached skill level 16 in Axes
 19569 | D:12     | Noticed Snorg
 19597 | D:11     | Slain by Snorg

Illustrated notes

Levels and vault maps discovered:
D:1:      minmay_arrival_nine_rooms, layout_basic, serial_shops,
          nicolae_lakefront_shop, shop, nicolae_shop_waterfront, shop
D:2:      layout_rooms, shapermc_ecumenical_altar_petra, st_stairs_3
D:3:      layout_basic, minmay_misc_feat_plants, reono_crystal_passage,
          uniq_crazy_yiuf_cottage
D:4:      layout_gridville, minmay_temple_entry_fiery, serial_glass,
          glass_columns_b, glass_columns_a, glass_columns_a, glass_columns_a,
          supply_closet_lemuel
D:5:      layout_layer_cave, cheibrodos_sewer_entry_bend, uniq_grinder
D:6:      layout_rooms, nicolae_specific_store, uniq_duvessa
D:7:      layout_gridville, uniq_joseph
D:8:      layout_basic, gup_ossuary_entry_pyramid, serial_aquarium,
          aquarium_bridge_square [aquarium_subvault_bridge,
          aquarium_subvault_window, aquarium_subvault_window,
          aquarium_subvault_window], aquarium_bridge_square
          [aquarium_subvault_balcony, aquarium_subvault_bridge,
          aquarium_subvault_bridge, aquarium_subvault_window],
          aquarium_window_1, aquarium_window_1, aquarium_view_2e,
          aquarium_balcony_1b, aquarium_pool_side, kennysheep_potato
D:9:      layout_stronghold, david_lair_shrubbed, zombieorc2_lemuel,
          minmay_misc_feat_more_columns, nicolae_shop_clearance
D:10:     layout_loops_ring, mainiacjoe_overflow_chevrons, wad_floor_pattern_1,
          uniq_lodul
D:11:     layout_small_grid
D:12:     layout_rooms, gauntlet_entry_generic, nicolae_inconvenience_store,
          kennysheep_cluttered_room, hangedman_decor_lopped, uniq_snorg
D:13:     layout_basic
D:14:     layout_loops_ring, erik_vaults_2, hangedman_decor_clover_reticule,
          nicolae_dithmenos_shadow_blocks, uniq_josephine
Temple:   nicolae_temple_bog_church
Lair:1:   cheibrodos_lair_river_kwai, layout_hall_layers, wad_woods_river_02,
          grunt_megastairs_5, serial_bayou_shore_b, uniq_prince_ribbit2,
          uniq_fannar
Lair:2:   layout_roguey, minmay_shoals_entry_beasts, portal_ice_cave_rime,
          nicolae_quartered_pool_super
Lair:3:   layout_regular_city, spider_nest_entry_web_field, uniq_sonja
Lair:4:   layout_hall_layers, nicolae_lair_yak_garden, uniq_nessos

Skill      XL: |  1  2  3  4  5  6  7  8  9 10 11 12 13 14 15 |
---------------+----------------------------------------------+-----
Axes           | 2 3 4 7 8 9 10 12 13 14 15 16 | 16.0
Fighting       | 4 7 8 9 |  9.0
Armour         | 4 5 6 |  6.5
Dodging        | 6 8 9 |  9.0
Shields        | 4 5 |  5.0
Invocations    | 1 2 4 6 7 8 10 11 12 | 12.0

Action                   |  1- 3 |  4- 6 |  7- 9 | 10-12 | 13-15 || total
-------------------------+-------+-------+-------+-------+-------++-------
Melee: War axe           |    95 |   166 |   203 |   594 |   578 ||  1636
       Morningstar       |       |       |       |    19 |    25 ||    44
       Mace              |       |       |       |     4 |       ||     4
 Fire: Sling             |       |       |     5 |       |     2 ||     7
       Hand crossbow     |       |       |       |       |    21 ||    21
Throw: Dart              |       |     1 |     2 |     1 |       ||     4
       Boomerang         |       |       |       |     2 |       ||     2
Invok: Elemental Force   |       |       |       |     2 |     6 ||     8
Evoke: Wand              |       |       |       |     2 |     6 ||     8
  Use: Scroll            |       |     3 |    10 |    14 |     4 ||    31
       Potion            |       |     1 |     1 |     3 |     2 ||     7
 Stab: Paralysed         |       |       |       |     1 |     3 ||     4
       Invisible         |       |       |       |       |    13 ||    13
Armor: Scale mail        |    31 |    73 |    61 |   250 |    82 ||   497
       Ice dragon scales |       |       |       |       |   106 ||   106
       Ring mail         |       |       |       |       |    54 ||    54
Dodge: Dodged            |    46 |    75 |    99 |   305 |   350 ||   875
       Repelled          |       |       |       |     1 |     7 ||     8
Block: Buckler           |    22 |    53 |    67 |   446 |   487 ||  1075

Table legend: (Time is in decaauts)
 A = Elapsed time spent in this place.
 B = Non-inter-level travel time spent in this place.
 C = Inter-level travel time spent in this place.
 D = Time resting spent in this place.
 E = Time spent auto-exploring this place.
 F = Levels seen in this place.
 G = Mean time per level.
                   A        B        C        D        E       F      G
               +--------+--------+--------+--------+--------+-----+--------+
         Total |  19729 |  18600 |   1129 |   3071 |  10352 |  23 |  857.8 |
       Dungeon |  12227 |  11432 |    795 |   1900 |   7004 |  14 |  873.4 |
        Temple |    287 |    245 |     42 |      0 |    226 |   1 |  287.0 |
          Lair |   5126 |   4835 |    291 |    676 |   2829 |   4 | 1281.5 |
         Sewer |    377 |    377 |      0 |    100 |     32 |   1 |  377.0 |
       Ossuary |    545 |    545 |      0 |    132 |      0 |   1 |  545.0 |
      Ice Cave |    727 |    727 |      0 |    263 |     35 |   1 |  727.0 |
      Gauntlet |    437 |    437 |      0 |      0 |    226 |   1 |  437.0 |
               +--------+--------+--------+--------+--------+-----+--------+

Top non-repeatable levels by time:
  Lair:1: 1494 daAuts
  Lair:3: 1485 daAuts
     D:3: 1335 daAuts
     D:1: 1318 daAuts
     D:5: 1304 daAuts
     D:2: 1259 daAuts
     D:9: 1193 daAuts
  Lair:2: 1179 daAuts
     D:7: 1148 daAuts
     D:8: 1125 daAuts
    D:10: 1044 daAuts
  Lair:4: 967 daAuts
     D:4: 958 daAuts
    D:11: 761 daAuts
   IceCv: 727 daAuts
